 Dungeon Crawl Stone Soup version 0.29-a0-11-ga75d3d97ab (webtiles) character file.

Game seed: 14924789480905564949

510 robertstho the Magician (level 6, -3/31 HPs)
             Began as a Spriggan Conjurer on Jan 28, 2022.
             Slain by a phantom (8 damage)
             ... on level 5 of the Dungeon.
             The game lasted 00:07:05 (4610 turns).

robertstho the Magician (Spriggan Conjurer)         Turns: 4610, Time: 00:07:06

Health: -3/31      AC:  2    Str:  3    XL:     6   Next: 98%
Magic:  14/14      EV: 18    Int: 22    God:
Gold:   83         SH:  0    Dex: 13    Spells: 5/15 levels left

rFire   . . .      SeeInvis +   h - +4 hunting sling
rCold   . . .      Faith    .   (no shield)
rNeg    . . .      Spirit   .   a - +0 robe
rPois   .          Reflect  .   (helmet restricted)
rElec   .          Harm     .   (no cloak)
rCorr   .          Rampage  .   (gloves unavailable)
Will    +....                   (boots unavailable)
Stlth   ++........              (no amulet)
HPRegen 0.10/turn               (no ring)
MPRegen 0.14/turn               (no ring)

@: very quick
A: very small, no large weapons, unfitting armour, see invisible, speed 3
a: no special abilities


You were on level 5 of the Dungeon.
You visited 1 branch of the dungeon, and saw 5 of its levels.

You collected 83 gold pieces.

Inventory:

Hand Weapons
 h - a +4 hunting sling (weapon)
 k - a +0 dagger
Missiles
 i - 132 stones (quivered ammo)
 v - 12 sling bullets
Armour
 a - a +0 robe (worn)
Wands
 o - a wand of iceblast (2)
Scrolls
 d - a scroll of amnesia {unknown}
 e - a scroll of teleportation
 f - a scroll of magic mapping {unknown}
 g - a scroll of identify {unknown}
 n - a scroll of silence {unknown}
 p - a scroll of enchant weapon {unknown}
Potions
 b - 4 potions of curing {unknown}
 c - a potion of cancellation {unknown}
 j - a potion of magic {unknown}
 l - a potion of flight {unknown}
 m - 2 potions of mutation {unknown}
 q - a potion of invisibility {unknown}
 r - a potion of degeneration {unknown}
 s - a potion of attraction {unknown}
 t - a potion of haste {unknown}
 u - a potion of heal wounds {unknown}


   Skills:
 * Level 2.3 Fighting
 + Level 4.3 Slings
 + Level 3.9 Dodging
 + Level 3.5 Stealth
 * Level 5.0 Spellcasting
 + Level 3.7 Conjurations


You had 5 spell levels left.
You knew the following spells:

 Your Spells              Type           Power      Damage    Failure   Level
a - Magic Dart            Conj           88%        1d7       2%          1
b - Searing Ray           Conj           44%        2d6       3%          2
c - Dazzling Flash        Conj/Hex       26%        N/A       14%         3
d - Fulminant Prism       Conj/Hex       6%         3d7       43%         4

Your spell library contained the following spells:

 Spells                   Type           Power      Damage    Failure   Level
 Beastly Appendage        Tmut           10%        N/A       10%         1
 Blink                    Tloc           10%        N/A       16%         2
 Wereblood                Tmut           5%         N/A       16%         2
 Lesser Beckoning         Tloc           5%         N/A       30%         3
 Spider Form              Tmut/Pois      5%         N/A       30%         3
 Iskenderun's Mystic Bla  Conj/Tloc      13%        2d5       43%         4
 Manifold Assault         Tloc           5%         N/A       95%         5


Dungeon Overview and Level Annotations

Branches:
Dungeon (5/15)
 Temple: D:4-7

Altars:
Cheibriados
Qazlal
Beogh

Shops:
D:1 [

Annotations:
D:3 1 runed translucent door, badtown22's ghost, amateur OpEE


Innate Abilities, Weirdness & Mutations

You are very small and have problems with some larger weapons.
You are too small for most types of armour.
You have supernaturally acute eyesight. (SInv)
You cover ground extremely quickly. (Speed+++)


Message History

The bullfrog skeleton is moderately damaged.
You shoot a stone. The stone hits the bullfrog skeleton.
The bullfrog skeleton is heavily damaged.
The bullfrog skeleton closely misses you.
The bullfrog skeleton hits you.
You shoot a stone. The stone hits the bullfrog skeleton.
The bullfrog skeleton is heavily damaged.
The bullfrog skeleton completely misses you.
You shoot a stone. The stone hits the bullfrog skeleton.
The bullfrog skeleton is severely damaged.
The bullfrog skeleton barely misses you.
You shoot a stone. The orc wizard shouts!
The stone hits the bullfrog skeleton.
The bullfrog skeleton is severely damaged.
You hear a shout!
The bullfrog skeleton hits you but does no damage.
You shoot a stone. The stone hits the bullfrog skeleton.
The bullfrog skeleton is almost destroyed.
The bullfrog skeleton closely misses you.
You shoot a stone. The stone hits the bullfrog skeleton.
You destroy the bullfrog skeleton!
The phantom hits you but does no damage.
Your Spellcasting skill increases to level 5!
You shoot a stone. The stone hits the phantom.
The phantom is lightly damaged.
The phantom closely misses you.
You shoot a stone. The stone hits the phantom.
The phantom is lightly damaged.
The phantom hits you.
The orc wizard points at you and mumbles some strange words.
The puff of flame hits you!
* * * LOW HITPOINT WARNING * * *
You are too injured to fight recklessly!
You are too injured to fight recklessly!
You are too injured to fight recklessly!
Unknown command.
There is a stone staircase leading up here.
The phantom hits you!
You die...

.. [...(((.... #
...#..o((....##.
..
..#.........#..
##
..............
#...(........
#...(o....#..
#..((........
##...W......#
#.....@.....#
#.......).#.#
#...........##
#.........##..
#............#
#.........###
#.........####
#.............
#.........####


You could see a phantom, an orc wizard and an orc.

Vanquished Creatures
  A water moccasin (D:5)
  A black bear (D:4)
  A bullfrog (D:5)
  A bullfrog zombie (D:5)
  A hound (D:5)
  2 bullfrog skeletons (D:5)
  An orc wizard (D:4)
  A howler monkey skeleton (D:5)
  2 adders (D:3)
  3 ufetubi
  5 orcs
  2 ball pythons
  4 bats
  6 endoplasms
  6 giant cockroaches
  5 goblins
  3 hobgoblins
  3 jackals (D:2)
  4 quokkas
  A frilled lizard (D:1)
  5 kobolds
  4 rats
62 creatures vanquished.

Vanquished Creatures (others)
  2 withered plants (D:3)
2 creatures vanquished.

Grand Total: 64 creatures vanquished

Notes
Turn   | Place    | Note
-------+----------+-------------------------------------------
     0 | D:1      | robertstho the Spriggan Conjurer began the quest for the
                  | Orb.
     0 | D:1      | Reached XP level 1. HP: 9/9 MP: 5/5
    30 | D:1      | Found Ceemydich's Armour Shop.
   402 | D:1      | Reached XP level 2. HP: 13/13 MP: 2/6
  1232 | D:2      | Found a snail-covered altar of Cheibriados.
  1301 | D:2      | Reached skill level 3 in Spellcasting
  1304 | D:2      | Learned a level 2 spell: Searing Ray
  1524 | D:2      | Reached XP level 3. HP: 17/17 MP: 5/8
  2108 | D:3      | Reached skill level 1 in Fighting
  2191 | D:3      | Found a runed translucent door.
  2194 | D:3      | Noticed badtown22's ghost (amateur OpEE)
  2650 | D:3      | Reached XP level 4. HP: 18/22 MP: 6/10
  2860 | D:3      | Found a faded altar of an unknown god.
  3130 | D:1      | Learned a level 3 spell: Dazzling Flash
  3135 | D:1      | Learned a level 4 spell: Fulminant Prism
  3375 | D:4      | Reached skill level 1 in Slings
  3466 | D:4      | Found a stormy altar of Qazlal.
  3630 | D:4      | Noticed a black bear
  3634 | D:4      | Killed a black bear
  3635 | D:4      | Reached skill level 4 in Spellcasting
  3635 | D:4      | Reached XP level 5. HP: 23/25 MP: 5/12
  3835 | D:5      | Entered Level 5 of the Dungeon
  3835 | D:5      | Noticed a necrophage
  4194 | D:5      | Reached XP level 6. HP: 30/30 MP: 13/13
  4256 | D:5      | Noticed a water moccasin
  4264 | D:5      | Killed a water moccasin
  4607 | D:5      | Reached skill level 5 in Spellcasting
  4610 | D:5      | Slain by a phantom

Illustrated notes

Levels and vault maps discovered:
D:1:      ncdulo_wetmaze, layout_basic, serial_shops, shop,
          corexii_leaking_fountain
D:2:      layout_loops_ring, basic_altar
D:3:      layout_rooms, gammafunk_ghost_grave, serial_curves, eino_curves_04,
          eino_curves_01, hellmonk_ecumenical_altar_defaced_shrine,
          kennysheep_generic_room_2
D:4:      layout_rooms, nicolae_qazlal_general_emergency
D:5:      layout_rooms, fedhas_ov_isle_minmay

Skill      XL: |  1  2  3  4  5  6 |
---------------+-------------------+-----
Conjurations   | 3 |  3.7
Spellcasting   | 3 4 5 |  5.0
Fighting       | 1 2 |  2.3
Dodging        | 3 |  3.9
Slings         | 2 3 4 |  4.3
Stealth        | |  3.5

Action                   |  1- 3 |  4- 6 || total
-------------------------+-------+-------++-------
Melee: Unarmed           |     4 |       ||     4
 Fire: Hunting sling     |     7 |    77 ||    84
 Cast: Magic Dart        |    45 |       ||    45
       Searing Ray       |    17 |    13 ||    30
  Use: Scroll            |       |     1 ||     1
Armor: Robe              |     2 |     6 ||     8
Dodge: Dodged            |    27 |    56 ||    83

Table legend: (Time is in decaauts)
 A = Elapsed time spent in this place.
 B = Non-inter-level travel time spent in this place.
 C = Inter-level travel time spent in this place.
 D = Time resting spent in this place.
 E = Time spent auto-exploring this place.
 F = Levels seen in this place.
 G = Mean time per level.
                   A        B        C        D        E       F      G
               +--------+--------+--------+--------+--------+-----+--------+
         Total |   3554 |   3391 |    163 |    571 |   2399 |   5 |  710.8 |
       Dungeon |   3554 |   3391 |    163 |    571 |   2399 |   5 |  710.8 |
               +--------+--------+--------+--------+--------+-----+--------+

Top non-repeatable levels by time:
     D:2: 845 daAuts
     D:1: 824 daAuts
     D:4: 747 daAuts
     D:3: 676 daAuts
     D:5: 461 daAuts
